 Dungeon Crawl Stone Soup version 0.26-a0-971-g1d9d62bb61 (webtiles) character file.

Game seed: 6854721954494210359

72003 marklar909 the Grappler (level 14, -20/140 HPs)
             Began as a Troll Monk on Dec 4, 2020.
             Was a High Priest of Makhleb.
             Demolished by an ogre
             ... wielding a +0 giant club
              (21 damage)
             ... while paralysed by an ogre mage
             ... on level 2 of the Orcish Mines on Dec 5, 2020.
             The game lasted 00:46:07 (18963 turns).

marklar909 the Grappler (Troll Monk)               Turns: 18963, Time: 00:46:07

Health: -20/140    AC: 17    Str: 23    XL:     14   Next: 99%
Magic:  20/20      EV:  1    Int:  9    God:    Makhleb [*****.]
Gold:   1842       SH:  0    Dex: 19    Spells: 13/13 levels left

rFire    . . .     SeeInvis +     - Unarmed
rCold    + . .     Faith    .   Z - +2 tower shield {rC+}
rNeg     . . .     Spirit   .   A - +1 swamp dragon scales
rPois    +         Reflect  +   K - +0 hat {Int+3}
rElec    .         Harm     .   y - +2 cloak
rCorr    .         Rampage  .   (gloves unavailable)
MR       +....                  (boots unavailable)
Stlth    +++.......             W - amulet of reflection
HPRegen  0.73/turn              s - +4 ring of slaying
MPRegen  0.17/turn              T - ring of Ashenzari's Delight {Dex+4 SInv Stlth+}

@: paralysed, studying Fire Magic, heavily drained
A: large, unfitting armour, claws 3, regeneration 1, shaggy fur 1, tough skin 3
a: Minor Destruction, Lesser Servant of Makhleb, Major Destruction, Greater
Servant of Makhleb, Renounce Religion


You were on level 2 of the Orcish Mines.
You worshipped Makhleb.
Makhleb was extremely pleased with you.
You visited 3 branches of the dungeon, and saw 21 of its levels.
You also visited: Volcano.

You collected 1919 gold pieces.
You spent 77 gold pieces at shops.

Inventory:

Hand Weapons
 V - the +7 mace of Deflation {flame, rPois Str+2}
   (You found it on level 6 of the Lair of Beasts)

   It has been specially enchanted to burn those struck by it, causing extra
   injury to most foes and up to half again as much damage against particularly
   susceptible opponents.
   It affects your strength (+2).
   It protects you from poison.
Missiles
 a - 6 silver javelins
 h - 9 large rocks
 p - 38 boomerangs
 O - a boomerang of dispersal
 Y - 8 silver boomerangs
Armour
 y - a +2 cloak (worn)
 A - +1 swamp dragon scales (worn)
 K - a +0 hat of intelligence (worn)
 Z - a +2 tower shield of cold resistance (worn)
Jewellery
 s - a +4 ring of slaying (left claw)
 t - an uncursed amulet of guardian spirit
 w - an uncursed amulet of the acrobat
 F - the ring "Bofall" {rPois Int+2 SInv}
   (You found it on level 8 of the Dungeon)

   [ring of poison resistance]

   It affects your intelligence (+2).
   It protects you from poison.
   It lets you see invisible.
 I - an uncursed ring of positive energy
 J - a +6 ring of intelligence
 M - an uncursed ring of flight
 N - an uncursed ring of wizardry
 Q - an uncursed amulet of faith
 S - a +4 ring of evasion
 T - the ring of Ashenzari's Delight (right claw) {Dex+4 SInv Stlth+}
   (You found it in a volcano)

   [ring of see invisible]

   It affects your dexterity (+4).
   It lets you see invisible.
   It makes you more stealthy.
 W - an amulet of reflection (around neck)
Wands
 x - a wand of enslavement (4)
 E - a wand of acid (20)
 H - a wand of flame (48)
 L - a wand of polymorph (9)
 R - a wand of digging (3)
Scrolls
 c - a scroll of silence
 e - 4 scrolls of remove curse
 j - 2 scrolls of fog
 k - 6 scrolls of teleportation
 l - 3 scrolls of amnesia
 m - a scroll of magic mapping
 n - 3 scrolls of enchant weapon
 B - a scroll of fear
 C - a scroll of holy word
 P - a scroll of immolation
Potions
 b - 2 potions of resistance
 d - 5 potions of curing
 f - 5 potions of flight
 g - 2 potions of attraction
 i - 4 potions of brilliance
 o - 6 potions of heal wounds
 q - 3 potions of might
 r - 2 potions of haste {unknown}
 u - a potion of invisibility {unknown}
 v - 3 potions of lignification {unknown}
 z - 2 potions of cancellation {unknown}
 D - 11 potions of ambrosia
 U - a potion of berserk rage
Books
 G - a manual of Fire Magic


   Skills:
 * Level 9.3(7.7) Fighting
 + Level 8.1(6.5) Armour
 * Level 9.7(8.1) Dodging
 + Level 3.0(1.7) Stealth
 * Level 8.5(7.0) Shields
 + Level 13.1(11.4) Unarmed Combat
 * Level 1.7(0.4) Fire Magic
 + Level 10.0(8.4) Invocations


You had 13 spell levels left.
You didn't know any spells.
Your spell library contained the following spells:

 Spells                   Type           Power        Failure   Level
 Animate Skeleton         Necr           #.....       98%         1
 Beastly Appendage        Tmut           #.....       98%         1
 Corona                   Hex            #......      98%         1
 Pain                     Necr           #...         98%         1
 Summon Small Mammal      Summ           #...         98%         1
 Call Imp                 Summ           #.......     99%         2
 Ensorcelled Hibernation  Hex/Ice        #.....       99%         2
 Wereblood                Tmut           #.......     99%         2
 Call Canine Familiar     Summ           #.......     100%        3
 Confusing Touch          Hex            #.......     100%        3
 Dazzling Flash           Conj/Hex       #.....       100%        3
 Gell's Gravitas          Tloc           #.........   100%        3
 Spider Form              Tmut/Pois      #.........   100%        3
 Summon Guardian Golem    Hex/Summ       #.......     100%        3
 Tukima's Dance           Hex            #.......     100%        3
 Vampiric Draining        Necr           #.........   100%        3
 Animate Dead             Necr           #.........   100%        4
 Ice Form                 Ice/Tmut       #.......     100%        4
 Petrify                  Tmut/Erth      #.......     100%        4
 Summon Ice Beast         Ice/Summ       #.......     100%        4
 Summon Lightning Spire   Summ/Air       #.......     100%        4
 Agony                    Necr           #.......     100%        5
 Blade Hands              Tmut           #.........   100%        5
 Metabolic Englaciation   Hex/Ice        #.........   100%        5
 Silence                  Hex/Air        #.........   100%        5
 Summon Demon             Summ           #.........   100%        5
 Summon Forest            Summ/Tloc      #.........   100%        5
 Summon Mana Viper        Hex/Summ       #.......     100%        5
 Yara's Violent Unravell  Hex/Tmut       #.........   100%        5
 Conjure Ball Lightning   Conj/Air       #.........   100%        6
 Shadow Creatures         Summ           N/A          100%        6
 Summon Hydra             Summ           #.........   100%        7
 Tornado                  Air            #.........   100%        9


Dungeon Overview and Level Annotations

Branches:
Dungeon (13/15)            Temple (0/1) D:5            Lair (6/6) D:11
  Swamp (0/4) Lair:2       Spider (0/4) Lair:4        Slime (0/5) Lair:6
    Orc (2/2) D:10            Elf (0/3) Orc:2       Volcano (visited)
 Vaults: D:13-14

Altars:
Ashenzari
Cheibriados
Dithmenos
Hepliaklqana
Kikubaaqudgha
Makhleb
Nemelex Xobeh
Okawaru
Ru
Sif Muna
Trog
Uskayaw
Xom
Yredelemnul
Zin

Shops:
D:13 ?

Annotations:
D:3 2 runed translucent doors, Exaltedone87's ghost, amateur MfGl
Lair:3 exclusion: 3 oklob plants


Innate Abilities, Weirdness & Mutations

You are too large for most types of armour.
You have claws for hands.
Your natural rate of healing is unusually fast.
You are covered in fur. (AC +1)
You have extremely tough skin. (AC +3)


Message History

You hear a shout!
You hear two shouts!
You hear a shout!
You hear two shouts!
An orc warrior comes into view. It is wielding a +0 mace.
The ogre mage gestures at you while chanting.
The bolt of lightning hits the orc!!
The orc dies!
The bolt of lightning hits you!!
The ogre mage gestures at you while chanting.
You suddenly lose the ability to move!
The ogre mage hits you but does no damage.
The ogre mage hits you from afar with a +0 halberd.
The ogre hits you with a +0 giant club!
The ogre mage hits you but does no damage.
The ogre mage hits you from afar with a +0 halberd!
* * * LOW HITPOINT WARNING * * *
The two-headed ogre hits you with a +0 giant spiked club!!
* * * LOW HITPOINT WARNING * * *
The two-headed ogre hits you with a +0 giant club!
* * * LOW HITPOINT WARNING * * *
The ogre hits you with a +0 giant club!!
You die...

...#...#..#.............##
..##.......#.............########
..###.......#...................)
...##...<........................
#.####.#.#...........)$).......#
#.#.#####..............).......##
.......##...$.....O...).........#
..................oo....))).#...
#....>..^.......@OOo.)...))......
##...............O...#.####......
###....................# ...##.
##...................## .##
#..................### ##
#..................#
##.................#
##.#...........#.##
##.............####


You could see a two-headed ogre, an ogre mage (fast), an orc warrior, 2 ogres
and 2 orcs.

Vanquished Creatures
  Azrael (D:13)
  Fannar (D:10)
  6 hydras
  4 catoblepae
  2 boulder beetles
  4 two-headed ogres
  3 centaur warriors
  11 death yaks
  An orc high priest (D:10)
  A tengu warrior (D:13)
  Nergalle (D:10)
  A hell knight (Volcano)
  2 orc knights (Orc:1)
  2 orc sorcerers (Orc:2)
  A cyclops (Orc:1)
  3 manticores
  11 elephants
  Maurice (Orc:1)
  2 black mambas
  11 cane toads
  Maggie (D:6)
  9 komodo dragons
  3 rime drakes
  3 yaktaurs (Volcano)
  4 trolls
  A queen bee (Lair:3)
  9 dream sheep
  A snapping turtle (shapeshifter) (D:13)
  13 blink frogs
  Sigmund (D:6)
  A vampire (D:13)
  2 shadows
  57 yaks
  7 fire bats (Volcano)
  7 wyverns
  5 vampire mosquitoes (Lair:2)
  4 basilisks
  5 wargs
  Menkaure (D:7)
  21 water moccasins
  5 hell hounds
  14 orc warriors
  6 sky beasts
  3 black bears
  2 necrophages
  2 ice beasts
  A phantom (D:11)
  10 ogres
  8 centaurs
  16 wolves
  3 big kobolds
  15 bullfrogs
  7 scorpions
  A water moccasin zombie (D:6)
  32 killer bees
  5 wights (D:5)
  4 howler monkeys
  4 crimson imps (D:5)
  5 lava snakes (Volcano)
  A centaur zombie (D:10)
  4 hounds
  2 bullfrog skeletons
  A bullfrog zombie (D:6)
  5 jellies
  19 orc wizards
  9 orc priests
  Crazy Yiuf (D:5)
  A centaur skeleton (D:12)
  Jessica (D:3)
  5 iguanas
  3 worker ants
  A hound skeleton (D:11)
  Robin (D:3)
  13 adders
  A howler monkey skeleton (D:10)
  3 shadow imps
  2 white imps
  5 ufetubi
  An ooze (Lair:6)
  6 worms
  17 dart slugs
  8 leopard geckos
  65 orcs
  8 bats
  4 giant cockroaches
  15 goblins
  7 hobgoblins
  15 jackals
  10 quokkas
  22 kobolds
  A leopard gecko zombie (D:8)
  9 rats
633 creatures vanquished.

Vanquished Creatures (collateral kills)
  Erolcha (D:13)
  2 hydras
  A death knight (D:13)
  A death yak (Lair:3)
  A phantasmal warrior (D:13)
  An elephant (Lair:4)
  A cane toad (Lair:4)
  A freezing wraith (D:13)
  2 dream sheep (Lair:4)
  A blink frog (Lair:5)
  A wraith (D:13)
  4 yaks
  2 water moccasins
  An orc warrior (D:12)
  A big kobold (D:12)
  An orc priest (D:12)
  An iguana (D:12)
  2 orcs (D:12)
  4 kobolds
29 creatures vanquished.

Vanquished Creatures (others)
  2 orcs
  50 fungi
  45 plants
  5 toadstools (D:1)
102 creatures vanquished.

Grand Total: 764 creatures vanquished

Notes
Turn   | Place    | Note
-------+----------+-------------------------------------------
     0 | D:1      | marklar909 the Troll Monk began the quest for the Orb.
     0 | D:1      | Reached XP level 1. HP: 22/22 MP: 0/0
    63 | D:1      | Reached XP level 2. HP: 28/29 MP: 1/1
   253 | D:1      | Reached XP level 3. HP: 36/36 MP: 2/2
  1174 | D:3      | Reached XP level 4. HP: 44/44 MP: 3/3
  1370 | D:3      | Found a burning altar of Makhleb.
  1376 | D:3      | Reached skill level 4 in Unarmed Combat
  1382 | D:3      | Became a worshipper of Makhleb the Destroyer
  1382 | D:3      | Reached * piety under Makhleb
  1382 | D:3      | Reached ** piety under Makhleb
  1408 | D:3      | Noticed Jessica
  1425 | D:3      | Reached XP level 5. HP: 34/52 MP: 4/4
  1441 | D:3      | Killed Jessica
  1595 | D:3      | Found a shimmering blue altar of Sif Muna.
  1659 | D:3      | Noticed Robin
  1675 | D:3      | Killed Robin
  1676 | D:3      | Reached skill level 1 in Invocations
  1742 | D:3      | Found a large runed translucent door.
  1744 | D:3      | Found a large runed translucent door.
  1766 | D:3      | Noticed Exaltedone87's ghost (amateur MfGl)
  1788 | D:3      | Found a broken altar of Ashenzari.
  1790 | D:3      | Found a hide-covered altar of Uskayaw.
  1790 | D:3      | Found a sacrificial altar of Ru.
  1790 | D:3      | Found an iron altar of Okawaru.
  1791 | D:3      | Found a shadowy altar of Dithmenos.
  1791 | D:3      | Found a basalt altar of Yredelemnul.
  1792 | D:3      | Found a snail-covered altar of Cheibriados.
  1947 | D:4      | Found a sparkling altar of Nemelex Xobeh.
  1972 | D:4      | Reached XP level 6. HP: 24/61 MP: 6/6
  1973 | D:4      | Reached *** piety under Makhleb
  2382 | D:4      | Found a shimmering altar of Xom.
  2383 | D:4      | Found a hazy altar of Hepliaklqana.
  2384 | D:4      | Noticed a spectral ugly thing
  2516 | D:5      | Entered Level 5 of the Dungeon
  2526 | D:5      | Noticed a sky beast
  2543 | D:4      | Killed a sky beast
  2544 | D:4      | Reached XP level 7. HP: 37/67 MP: 2/8
  2610 | D:5      | Reached skill level 1 in Shields
  2697 | D:5      | Reached skill level 5 in Unarmed Combat
  2719 | D:5      | Reached XP level 8. HP: 75/78 MP: 8/10
  2780 | D:5      | Found a runed translucent door.
  2781 | D:5      | Noticed Crazy Yiuf
  2922 | D:5      | Found a shimmering altar of Xom.
  2949 | D:5      | Found a staircase to the Ecumenical Temple.
  3074 | D:5      | Killed Crazy Yiuf
  3260 | D:6      | Noticed Maggie
  3284 | D:6      | Killed Maggie
  3285 | D:6      | Reached skill level 6 in Unarmed Combat
  3285 | D:6      | Reached skill level 5 in Invocations
  3327 | D:6      | Reached **** piety under Makhleb
  3437 | D:6      | Noticed Sigmund
  3452 | D:6      | Killed Sigmund
  3453 | D:6      | Reached XP level 9. HP: 73/85 MP: 10/12
  3606 | D:6      | Reached skill level 5 in Dodging
  3931 | D:7      | Found an ancient bone altar of Kikubaaqudgha.
  3967 | D:7      | Found a bloodstained altar of Trog.
  3991 | D:7      | Noticed Menkaure
  4000 | D:7      | Killed Menkaure
  4001 | D:7      | Reached skill level 1 in Armour
  4287 | D:7      | Noticed a two-headed ogre
  4299 | D:7      | Killed a two-headed ogre
  4300 | D:7      | Reached skill level 5 in Fighting
  4300 | D:7      | Reached skill level 7 in Unarmed Combat
  4541 | D:8      | Reached XP level 10. HP: 96/96 MP: 14/14
  4643 | D:8      | Reached ***** piety under Makhleb
  4669 | D:8      | You fall into a shaft and drop 1 floor!
  4711 | D:8      | Noticed a two-headed ogre
  5260 | D:8      | Got a translucent lapis lazuli ring
  5349 | D:8      | Killed a two-headed ogre
  5741 | D:9      | Reached skill level 8 in Unarmed Combat
  5989 | D:9      | Found a glowing silver altar of Zin.
  6485 | D:9      | Identified the ring "Bofall" {rPois Int+2 SInv} (You found
                  | it on level 8 of the Dungeon)
  6504 | D:10     | Entered Level 10 of the Dungeon
  6736 | D:10     | Noticed Nergalle
  6748 | D:10     | Killed Nergalle
  6882 | D:10     | Reached XP level 11. HP: 105/105 MP: 15/15
  6888 | D:10     | Found a staircase to the Orcish Mines.
  7399 | D:11     | Noticed a five-headed hydra
  7449 | D:11     | Noticed a two-headed ogre
  7486 | D:10     | Killed a two-headed ogre
  7487 | D:10     | Reached skill level 5 in Shields
  7540 | D:11     | Noticed a two-headed ogre
  7544 | D:11     | Killed a two-headed ogre
  7545 | D:11     | Reached skill level 9 in Unarmed Combat
  8000 | D:11     | Reached ****** piety under Makhleb
  8198 | D:11     | Found a staircase to the Lair.
  8204 | D:11     | Killed a five-headed hydra
  8693 | D:12     | Noticed a boulder beetle
  8797 | D:12     | Killed a boulder beetle
  8798 | D:12     | Reached skill level 5 in Armour
  9025 | D:13     | Noticed a centaur warrior
  9027 | D:13     | Noticed a tengu warrior
  9108 | D:13     | Noticed Azrael
  9183 | D:13     | Reached XP level 12. HP: 115/115 MP: 15/17
  9196 | D:13     | Noticed a boulder beetle
  9206 | D:13     | Killed a boulder beetle
  9238 | D:13     | Noticed Erolcha
  9255 | D:13     | Killed Erolcha
  9261 | D:13     | Killed a centaur warrior
  9342 | D:13     | Found Fiec's Magic Scroll Shop.
  9344 | D:13     | Noticed a centaur warrior
  9361 | D:13     | Killed a centaur warrior
  9362 | D:13     | Reached skill level 10 in Unarmed Combat
  9414 | D:13     | Bought a scroll of fear for 49 gold pieces
  9414 | D:13     | Bought a scroll of identify for 28 gold pieces
  9526 | D:13     | Killed a tengu warrior
  9665 | D:13     | Killed Azrael
  9711 | D:13     | Noticed a death knight
  9776 | D:13     | Killed a death knight
 10210 | Lair:1   | Entered Level 1 of the Lair of Beasts
 10288 | Lair:1   | Noticed a five-headed hydra
 10301 | Lair:1   | Killed a six-headed hydra
 11257 | Lair:2   | Reached XP level 13. HP: 127/127 MP: 19/19
 11706 | Lair:2   | Found a staircase to the Swamp.
 12107 | Lair:3   | Reached skill level 11 in Unarmed Combat
 13361 | Lair:4   | Found a hole to the Spider Nest.
 13794 | Lair:4   | Reached skill level 12 in Unarmed Combat
 13976 | Lair:4   | Found a dark tunnel.
 13983 | Lair:4   | Reached XP level 14. HP: 121/137 MP: 16/20
 14004 | Volcano  | Entered a volcano
 14314 | Volcano  | Found a bloodstained altar of Trog.
 14332 | Volcano  | Got a clouded ivory ring
 14413 | Volcano  | Found a burning altar of Makhleb.
 14921 | Lair:5   | Found an ancient bone altar of Kikubaaqudgha.
 15489 | Lair:5   | Identified the ring of Ashenzari's Delight {Dex+4 SInv
                  | Stlth+} (You found it in a volcano)
 15541 | Lair:5   | Identified a scroll of acquirement
 15541 | Lair:5   | Acquired a manual of Fire Magic
 15566 | Lair:6   | Entered Level 6 of the Lair of Beasts
 15860 | Lair:6   | Found a staircase to the Slime Pits.
 16041 | Lair:6   | Found a broken altar of Ashenzari.
 16449 | Lair:6   | Reached skill level 10 in Invocations
 16832 | Lair:6   | Reached skill level 13 in Unarmed Combat
 17061 | Lair:6   | Got a masterwork mace
 17062 | Lair:6   | Identified the +7 mace of Deflation {flame, rPois Str+2}
                  | (You found it on level 6 of the Lair of Beasts)
 17130 | Lair:6   | Acquired a +0 hat of intelligence
 17539 | Orc:1    | Entered Level 1 of the Orcish Mines
 17539 | Orc:1    | Noticed Fannar
 17542 | Orc:1    | Noticed Maurice
 17911 | D:10     | Killed Fannar
 17912 | D:10     | Reached skill level 1 in Fire Magic
 18349 | Orc:1    | Killed Maurice
 18672 | Orc:2    | Entered Level 2 of the Orcish Mines
 18863 | Orc:2    | Found a staircase to the Elven Halls.
 18899 | Orc:2    | Paralysed by an orc sorcerer for 4 turns
 18958 | Orc:2    | Paralysed by an ogre mage for 6 turns
 18963 | Orc:2    | HP: 1/140 [two-headed ogre/+0 giant spiked club (7)]
 18963 | Orc:2    | Demolished by an ogre

Illustrated notes

Levels and vault maps discovered:
D:1:      ldierk_walled_garden, layout_loops_ring
D:2:      layout_basic, minmay_tetromino_o2
D:3:      layout_rooms, makhleb_blood_cavern_becter, grunt_temple_overflow_open,
          ebering_ghost_disaster_area, lemuel_blue_sif_altar, uniq_jessica,
          uniq_ijyb, uniq_robin
D:4:      kennysheep_slugbush, layout_cave_pools,
          regret_index_temple_of_mockery, nemelex_xobeh_ov_fountains_minmay,
          serial_column_ruins, column_ruins_columns_corner,
          column_ruins_open_small_water, column_ruins_open_medium_water,
          column_ruins_open_small
D:5:      layout_rooms, minmay_temple_entry_steel_oval, led_xom_imps,
          uniq_crazy_yiuf_cottage
D:6:      layout_loops_cross, uniq_sigmund, uniq_maggie
D:7:      layout_rooms, kennysheep_mini, lemuel_round_altar, uniq_menkaure
D:8:      layout_loops_cross
D:9:      layout_cave_pods, basic_altar, chequers_serial_rivers_room_a
D:10:     layout_cave_pods, orc_0_dummy, uniq_nergalle
D:11:     layout_irregular_city, due_lair_maze_entry_diamond
D:12:     layout_rooms
D:13:     layout_cave_pools, serial_shops, shop, uniq_azrael, uniq_erolcha
Lair:1:   layout_cave_pods, grunt_megastairs_2
Lair:2:   layout_regular_city, minmay_swamp_entry_swarm, grunt_megastairs_5
Lair:3:   layout_roguey [special_room_bee], infiniplex_staircase_pool_2,
          minmay_lair_oklob_chamber
Lair:4:   layout_big_grid, spider_nest_entry_web_field,
          nicolae_volcano_entry_two_sided
Lair:5:   layout_misc_corridors, basic_altar, grunt_megastairs_3,
          lemuel_fruit_fields, lemuel_fruit_tree
Lair:6:   evilmike_catoblepas_cave, layout_cave_pods,
          nicolae_slime_entry_slimehenge, basic_altar
Orc:1:    layout_diamond_mine, uniq_fannar, uniq_maurice
Orc:2:    st_orc_ogre_mass, layout_caves, mines_bat_river, uniq_saint_roka,
          uniq_josephine

Skill      XL: |  1  2  3  4  5  6  7  8  9 10 11 12 13 14 |
---------------+-------------------------------------------+-----
Dodging        | 3 4 5 6 8 9 |  9.7
Unarmed Combat | 4 5 6 7 8 9 10 12 13 | 13.1
Invocations    | 1 3 4 5 6 7 8 9 10 | 10.0
Fighting       | 3 4 5 6 7 8 9 |  9.3
Shields        | 1 2 3 4 5 6 7 8 |  8.5
Stealth        | 2 3 |  3.0
Armour         | 2 3 5 6 7 8 |  8.1
Fire Magic     | 1 |  1.7

Action                   |  1- 3 |  4- 6 |  7- 9 | 10-12 | 13-15 || total
-------------------------+-------+-------+-------+-------+-------++-------
Melee: Unarmed           |    96 |   131 |   144 |   629 |  1019 ||  2019
       Punch             |       |     2 |     4 |    15 |       ||    21
Invok: Minor Destruction |       |    96 |   107 |   167 |    39 ||   409
       Lesser Servant of |       |       |       |    13 |    11 ||    24
       Major Destruction |       |       |       |     2 |     5 ||     7
Evoke: Wand              |       |       |     1 |       |     1 ||     2
  Use: Scroll            |       |     3 |     6 |     5 |    18 ||    32
       Potion            |       |       |     2 |     1 |       ||     3
 Stab: Sleeping          |     4 |     1 |     3 |       |     7 ||    15
       Distracted        |       |       |       |     1 |     3 ||     4
Armor: Robe              |    29 |    75 |    14 |       |       ||   118
       Swamp dragon scal |       |       |    41 |   302 |   349 ||   692
Dodge: Dodged            |    60 |   118 |    74 |   420 |   440 ||  1112
Block: Kite shield       |       |       |       |   149 |   338 ||   487
       Tower shield      |       |       |       |       |   513 ||   513
       Reflection        |       |       |       |       |     6 ||     6

Table legend: (Time is in decaauts)
 A = Elapsed time spent in this place.
 B = Non-inter-level travel time spent in this place.
 C = Inter-level travel time spent in this place.
 D = Time resting spent in this place.
 E = Time spent auto-exploring this place.
 F = Levels seen in this place.
 G = Mean time per level.
                   A        B        C        D        E       F      G
               +--------+--------+--------+--------+--------+-----+--------+
         Total |  18714 |  17277 |   1437 |   1632 |  11234 |  22 |  850.6 |
       Dungeon |  11033 |  10112 |    921 |   1315 |   6425 |  13 |  848.7 |
          Lair |   6434 |   5949 |    485 |    230 |   4178 |   6 | 1072.3 |
  Orcish Mines |    767 |    736 |     31 |     87 |    366 |   2 |  383.5 |
       Volcano |    479 |    479 |      0 |      0 |    265 |   1 |  479.0 |
               +--------+--------+--------+--------+--------+-----+--------+

Top non-repeatable levels by time:
    D:10: 1667 daAuts
  Lair:6: 1568 daAuts
  Lair:3: 1320 daAuts
     D:9: 1138 daAuts
    D:11: 1067 daAuts
    D:13: 1014 daAuts
  Lair:2: 994 daAuts
     D:8: 914 daAuts
  Lair:4: 892 daAuts
  Lair:5: 850 daAuts
     D:6: 829 daAuts
  Lair:1: 809 daAuts
     D:4: 692 daAuts
     D:3: 677 daAuts
     D:7: 642 daAuts
